 Dungeon Crawl Stone Soup version 0.31-a0-640-g39d97e502b (webtiles) character file.

Game seed: 13680210236397181573

110 DocEon the Changeling (level 4, -1/35 HPs)
             Began as a Draconian Shapeshifter on Aug 28, 2023.
             Slain by an orc
             ... wielding a +0 heavy flail
              (11 damage)
             ... on level 3 of the Dungeon.
             The game lasted 00:02:02 (1472 turns).

DocEon the Changeling (Draconian Shapeshifter)      Turns: 1472, Time: 00:02:02

Health: -1/35      AC:  5    Str: 18    XL:     4   Next: 61%
Magic:  4/4        EV: 12    Int: 10    God:
Gold:   107        SH:  0    Dex: 11    Spells: 3/3 levels left

rFire   . .          .
                       - Unarmed
rCold   . . .        (no shield)
rNeg    . . .        (body armour unavailable)
rPois   .            (helmet currently unavailable)
rElec   .            (cloak currently unavailable)
rCorr   .            (gloves currently unavailable)
SInv    .            (boots currently unavailable)
Will    +....        (no amulet)
Stlth   +            (no ring)
HPRegen 0.25/turn    (no ring)
MPRegen 0.09/turn

%: no passive effects
@: beast-form, enlightened, flying
A: beast (slay +2), AC +5, unfitting armour, cold-blooded
a: Begin Untransformation


You were on level 3 of the Dungeon.
You were a hulking beast.
You visited 1 branch of the dungeon, and saw 3 of its levels.

You collected 107 gold pieces.

Inventory:

Talismans
 b - a beast talisman (active)
 c - a flux talisman
Wands
 a - a wand of polymorph (10)
Potions
 d - a potion of attraction
 f - a potion of brilliance
 h - 2 potions of mutation
 i - a potion of magic
 j - a potion of heal wounds


   Skills:
 - Level 1.1 Fighting
 - Level 1.7 Dodging
 - Level 3.0 Unarmed Combat
 * Level 5.1 Shapeshifting


You had 3 spell levels left.
You didn't know any spells.
Your spell library contained the following spells:

 Spells                   Type           Power      Damage    Failure   Level
 Frozen Ramparts          Ice            0%         1d1       75%         3
 Petrify                  Tmut/Erth      0%         N/A       98%         4
 Metabolic Englaciation   Hex/Ice        0%         N/A       100%        5


Dungeon Overview and Level Annotations

Branches:
Dungeon (3/15)

Altars:


Innate Abilities, Weirdness & Mutations

You are a hulking beast.
Your limbs bulge with bestial killing power. (Slay +2)
Your plain brown scales are hard. (AC +5)
You cannot fit into any form of body armour.
You are cold-blooded and may be slowed by cold attacks.


Message History

You closely miss the orc wizard.
The orc wizard is lightly wounded.
The orc closely misses you. The orc wizard misses you.
You miss the orc wizard.
The orc wizard is lightly wounded.
The orc closely misses you. The orc wizard closely misses you.
You hit the orc wizard.
Your tail-slap misses the orc wizard.
The orc wizard is heavily wounded.
The orc hits you with a +0 club.
The orc wizard points at you and mumbles some strange words.
The puff of flame hits you!
You hit the orc wizard.
Your tail-slap misses the orc wizard.
The orc wizard is heavily wounded.
The orc closely misses you.
You hit the orc wizard.
Your tail-slap misses the orc wizard.
The orc wizard is severely wounded.
The orc wizard hits you with a +0 dagger.
You hit the orc wizard.
You kill the orc wizard!
The orc hits you but does no damage.
Your Shapeshifting skill increases to level 5!
You barely miss the orc. The goblin hits you but does no damage.
The orc hits you but does no damage.
You punch the orc!
You kill the orc!
The goblin closely misses you.
Things that are here:
a +0 club; an orc corpse You hit the goblin.
You kill the goblin!
You hit the orc.
The orc is almost dead.
The orc hits you with a +0 mace.
* * * LOW HITPOINT WARNING * * *
You hit the orc.
You kill the orc!
You hit the orc.
The orc is almost dead.
The orc hits you with a +0 heavy flail!
You die...

.........#.###
........)....########
..#..#.$..#...))....#
#....##.#......##.###
.#........#...##.#
#.##.....######.# #.
#o..### #..# #.##...#
###.##
#.h#...#####...#
##o#oo.##....###
#o#o...$.####
#oo)oo.###
..o....######
.......# .....#.#
.....#.. #######.


You could see 4 orcs.

Vanquished Creatures
  An orc wizard (D:3)
  An adder (D:3)
  A worm (D:2)
  A dart slug (D:1)
  6 orcs (D:3)
  5 bats
  9 endoplasms
  2 giant cockroaches
  9 goblins
  4 hobgoblins
  6 kobolds
  5 ball pythons
  3 frilled lizards
  6 rats
59 creatures vanquished.

Notes
Turn   | Place    | Note
-------+----------+-------------------------------------------
     0 | D:1      | DocEon the Draconian Shapeshifter began the quest for the
                  | Orb.
     0 | D:1      | Reached XP level 1. HP: 16/16 MP: 1/1
   206 | D:1      | Reached XP level 2. HP: 21/23 MP: 2/2
   743 | D:2      | Reached skill level 4 in Shapeshifting
   757 | D:2      | Reached XP level 3. HP: 10/28 MP: 3/3
  1389 | D:3      | Reached XP level 4. HP: 20/35 MP: 4/4
  1466 | D:3      | Reached skill level 5 in Shapeshifting
  1472 | D:3      | Slain by an orc

Illustrated notes

Levels and vault maps discovered:
D:1:      beargit_arrival_diablo_church, layout_loops_ring,
          minmay_misc_feat_tower, minmay_tetromino_o2
D:2:      layout_rooms
D:3:      layout_rooms, mainiacjoe_overflow_swirl,
          shapermc_ecumenical_altar_venn, amcnicky_mini_pool_small,
          uniq_jessica, uniq_grinder, uniq_natasha

Skill      XL: |  1  2  3  4 |
---------------+-------------+-----
Shapeshifting  | 4 5 |  5.1
Fighting       | |  1.1
Dodging        | |  1.7
Unarmed Combat | |  3.0

Action                     |  1- 3 |  4- 6 || total
---------------------------+-------+-------++-------
  Melee: Unarmed           |   116 |    32 ||   148
         Punch             |     1 |     1 ||     2
         Tailslap          |    12 |     3 ||    15
    Use: Potion            |     1 |     2 ||     3
         Scroll            |     8 |       ||     8
 Armour: Skin              |    52 |    12 ||    64
  Dodge: Dodged            |    75 |    30 ||   105

Table legend: (Time is in decaauts)
 A = Elapsed time spent in this place.
 B = Non-inter-level travel time spent in this place.
 C = Inter-level travel time spent in this place.
 D = Time resting spent in this place.
 E = Time spent auto-exploring this place.
 F = Levels seen in this place.
 G = Mean time per level.
                   A        B        C        D        E       F      G
               +--------+--------+--------+--------+--------+-----+--------+
         Total |   1471 |   1414 |     57 |    200 |    859 |   3 |  490.3 |
       Dungeon |   1471 |   1414 |     57 |    200 |    859 |   3 |  490.3 |
               +--------+--------+--------+--------+--------+-----+--------+

Top non-repeatable levels by time:
     D:1: 749 daAuts
     D:2: 621 daAuts
     D:3: 100 daAuts
